 Dungeon Crawl Stone Soup version 0.26.1-11-gd32895ea62 (webtiles) character file.

Game seed: 6243562228257683661

16167 DildoBatman the Black Sun (level 12, 0/91 HPs)
             Began as a Formicid Conjurer on July 27, 2021.
             Was a High Priest of Kikubaaqudgha.
             Slain by a death yak (24 damage)
             ... in an ice cave.
             The game lasted 00:54:04 (12231 turns).

DildoBatman the Black Sun (Formicid Conjurer)      Turns: 12231, Time: 00:54:05

Health: 0/91       AC:  4    Str:  8    XL:     12   Next: 66%
Magic:  1/25       EV: 15    Int: 19    God:    Kikubaaqudgha [*****.]
Gold:   443        SH:  5    Dex: 15    Spells: 17/29 levels left

rFire    . . .     SeeInvis +   a - +4 trident "Kasariunt" {flame, +Fly rC+ Dex+2 Stlth+}
rCold    + . .     Faith    .   e - +0 buckler
rNeg     + . .     Spirit   .   S - +2 robe {rN+}
rPois    .         Reflect  .   (helmet unavailable)
rElec    .         Harm     .   (no cloak)
rCorr    .         Rampage  .   (no gloves)
Will     +....                  (no boots)
Stlth    +++.......             (no amulet)
HPRegen  0.25/turn              j - -4 ring of strength (curse)
MPRegen  0.19/turn              (no ring)

@: no status effects
A: permanent stasis, dig shafts and tunnels, four strong arms, antennae 3
a: Dig, Renounce Religion, Evoke Flight, Receive Corpses, Torment


You were in an ice cave.
You worshipped Kikubaaqudgha.
Kikubaaqudgha was extremely pleased with you.
You visited 2 branches of the dungeon, and saw 12 of its levels.
You also visited: Sewer and Ice Cave.

You collected 590 gold pieces.
You spent 147 gold pieces at shops.

Inventory:

Hand Weapons
 a - the +4 trident "Kasariunt" (weapon) {flame, +Fly rC+ Dex+2 Stlth+}
   (You found it on level 9 of the Dungeon)

   It has been specially enchanted to burn those struck by it, causing extra
   injury to most foes and up to half again as much damage against particularly
   susceptible opponents.
   It affects your dexterity (+2).
   It protects you from cold.
   It lets you fly.
   It makes you more stealthy.
 b - a +0 hunting sling
Missiles
 c - 3 curare-tipped darts
 g - 122 bolts
 h - 129 sling bullets
 k - 6 javelins
 m - 18 boomerangs
 o - 203 arrows
 F - 2 boomerangs of dispersal
 G - 36 poisoned darts (quivered)
 K - 375 stones
Armour
 e - a +0 buckler (worn)
 u - a +0 leather armour of poison resistance
 Q - a +2 ring mail of fire resistance
 S - a +2 robe of positive energy (worn)
Magical Staves
 p - an uncursed staff of poison
Jewellery
 j - a cursed -4 ring of strength (left hand)
 I - an uncursed ring of ice
Wands
 d - a wand of polymorph (5)
Scrolls
 i - a scroll of amnesia {unknown}
 l - a scroll of noise {unknown}
 n - 5 scrolls of enchant weapon
 s - 2 scrolls of fear {unknown}
 w - 2 scrolls of blinking {unknown}
 x - 8 scrolls of remove curse
 z - a scroll of identify
 C - 2 scrolls of magic mapping
 H - 2 scrolls of enchant armour {unknown}
 L - 5 scrolls of fog
 O - 3 scrolls of immolation {unknown}
 R - a scroll of silence {unknown}
 T - a scroll of holy word {unknown}
 U - a scroll of summoning {unknown}
 W - 3 scrolls of teleportation
Potions
 f - 5 potions of curing
 q - a potion of ambrosia {unknown}
 r - 2 potions of invisibility
 t - a potion of berserk rage {unknown}
 v - a potion of brilliance
 y - 4 potions of flight
 A - 3 potions of might
 B - 2 potions of magic {unknown}
 D - 3 potions of lignification {unknown}
 E - a potion of attraction {unknown}
 J - 2 potions of heal wounds
 M - 2 potions of haste {unknown}
 N - 2 potions of cancellation {unknown}
 P - a potion of mutation {unknown}
 V - 3 potions of degeneration {unknown}


   Skills:
 * Level 7.2 Fighting
 - Level 2.0 Polearms
 * Level 7.1 Armour
 * Level 5.2 Dodging
 - Level 2.4 Stealth
 * Level 5.8 Shields
 - Level 9.0 Spellcasting
 - Level 6.0 Conjurations
 - Level 12.0 Necromancy


You had 17 spell levels left.
You knew the following spells:

 Your Spells              Type           Power        Failure   Level
a - Searing Ray           Conj           62%          1%          2
c - Magic Dart            Conj           100%         1%          1
d - Vampiric Draining     Necr           26%          1%          3
h - Dispel Undead         Necr           52%          1%          4
z - Sublimation of Blood  Necr           26%          1%          2

Your spell library contained the following spells:

 Spells                   Type           Power        Failure   Level
 Animate Skeleton         Necr           100%         1%          1
 Pain                     Necr           100%         1%          1
 Animate Dead             Necr           26%          1%          4
 Excruciating Wounds      Necr           26%          1%          5
 Dazzling Flash           Conj/Hex       38%          7%          3
 Freeze                   Ice            32%          9%          1
 Death Channel            Necr           26%          9%          6
 Fulminant Prism          Conj/Hex       9%           24%         4
 Iskenderun's Mystic Bla  Conj/Tloc      19%          24%         4
 Simulacrum               Ice/Necr       15%          71%         6
 Chain Lightning          Conj/Air       9%           100%        8
 Lehudib's Crystal Spear  Conj/Erth      9%           100%        8
 Absolute Zero            Ice            4%           100%        9
 Fire Storm               Conj/Fire      9%           100%        9


Dungeon Overview and Level Annotations

Branches:
Dungeon (12/15)            Temple (1/1) D:5            Lair (0/6) D:11
  Sewer (visited)           IceCv (1/1)
    Orc: D:9-12

Altars:
Ashenzari
Cheibriados
Dithmenos
Elyvilon
Fedhas
Hepliaklqana
Kikubaaqudgha
Makhleb
Nemelex Xobeh
Okawaru
Qazlal
Ru
Sif Muna
Trog
Uskayaw
Vehumet
Wu Jian
Xom
Yredelemnul
Zin

Shops:
D:8 *   D:11 =

Annotations:
D:1 exclusion: minotaur
D:3 exclusion: earth elemental IceCv exclusion: ice statue


Innate Abilities, Weirdness & Mutations

You cannot be hasted, slowed, berserked, paralysed or teleported.
You can dig through walls and to a lower floor.
Your four strong arms can wield two-handed weapons with a shield.
You have a pair of large antennae on your head. (SInv)


Message History

The death yak barely misses you.
Casting: Vampiric Draining (safe; 1% risk of failure)
Confirm with . or Enter, or press ? or * to list all spells.
Aiming: Vampiric Draining (safe; 1% risk of failure)
Press: ? - help, Shift-Dir - straight line, f/p - death yak
Aim: a death yak (almost dead)
You kill the death yak!
Kikubaaqudgha accepts your kill.
You feel life coursing into your body.
The death yak snorts and paws the ground.
Casting: Vampiric Draining (safe; 1% risk of failure)
Confirm with . or Enter, or press ? or * to list all spells.
Aiming: Vampiric Draining (safe; 1% risk of failure)
Press: ? - help, Shift-Dir - straight line, f - death yak
Aim: a death yak (almost dead)
The death yak is almost dead.
You feel life coursing into your body. The death yak gores you!!
You die...
Kikubaaqudgha rasps: "You have failed me!
Welcome... death!"

##.## ## #..#
#. ##.# ##
#.##.## ##.##
##.#.# #h..#
#...##≈
#.#..#
#.#.#≈≈##Y#
..#
##.###≈##Y##
.#
#.####≈##@##
Y# #.###≈≈
#..# .#
##..##≈###..#
#
#...##≈≈###.#
#.#......#†.#
##†######..##
#.# #..# #.(
#.## ##(. ..#


You could see a death yak, a yak and a wolf.

Vanquished Creatures
  Harold (D:7)
  A two-headed ogre (D:9)
  A death yak (IceCv)
  An unseen horror (D:11)
  A cyclops (D:11)
  A komodo dragon (D:11)
  A troll (D:12)
  12 polar bears
  A shadow (D:11)
  5 hogs (D:12)
  23 yaks
  Eustachio (D:4)
  A water moccasin (D:7)
  4 orc warriors
  2 black bears
  2 sky beasts (D:6)
  An ice beast (D:6)
  14 wolves
  4 ogres
  6 centaurs
  2 big kobolds (Sewer)
  7 bullfrogs
  A wyvern skeleton (D:8)
  2 scorpions
  13 wights
  5 howler monkeys
  A centaur zombie (D:6)
  2 hounds
  2 bullfrog zombies
  A jelly (D:5)
  3 bullfrog skeletons
  15 orc wizards
  6 orc priests
  A centaur skeleton (D:11)
  Natasha (thrice) (D:3)
  8 worker ants
  3 iguanas
  A hound zombie (D:7)
  A hound skeleton (D:4)
  6 gnolls
  17 adders
  3 river rats (Sewer)
  A shadow imp (D:9)
  5 white imps
  3 ufetubi
  4 oozes
  An adder skeleton (D:4)
  7 worms
  2 dart slugs
  2 leopard geckos (D:4)
  30 orcs
  7 ball pythons
  13 bats
  10 giant cockroaches
  11 goblins
  7 hobgoblins
  15 jackals
  16 kobolds
  6 quokkas
  11 frilled lizards
  2 leopard gecko skeletons
  12 rats
351 creatures vanquished.

Vanquished Creatures (others)
  An orc wizard (D:7)
  21 fungi (D:11)
  9 plants (D:11)
31 creatures vanquished.

Grand Total: 382 creatures vanquished

Notes
Turn   | Place    | Note
-------+----------+-------------------------------------------
     0 | D:1      | DildoBatman the Formicid Conjurer began the quest for the
                  | Orb.
     0 | D:1      | Reached XP level 1. HP: 13/13 MP: 3/3
     2 | D:1      | Noticed a spriggan
     2 | D:1      | Noticed a demonspawn
     4 | D:1      | Noticed a vampire
     4 | D:1      | Noticed a ghoul
     6 | D:1      | Noticed a halfling
     6 | D:1      | Noticed an octopode
     8 | D:1      | Noticed a draconian
     8 | D:1      | Noticed a merfolk
    12 | D:1      | Noticed a felid
    12 | D:1      | Noticed a gargoyle
    14 | D:1      | Noticed an ogre
    14 | D:1      | Noticed a human
    16 | D:1      | Noticed a troll
    16 | D:1      | Noticed a demigod
    18 | D:1      | Noticed a formicid
    18 | D:1      | Noticed a dwarf
    20 | D:1      | Noticed a vine stalker
    20 | D:1      | Noticed an elf
    22 | D:1      | Noticed a minotaur
    22 | D:1      | Noticed a centaur
    24 | D:1      | Noticed a naga
    26 | D:1      | Noticed a tengu
    96 | D:1      | Reached XP level 2. HP: 19/19 MP: 1/5
    99 | D:1      | Learned a level 2 spell: Searing Ray
   602 | D:1      | Reached XP level 3. HP: 19/24 MP: 2/6
  1178 | D:2      | Reached XP level 4. HP: 29/30 MP: 4/7
  1202 | D:2      | Reached skill level 5 in Conjurations
  1987 | D:3      | Noticed Natasha
  2310 | D:3      | Reached XP level 5. HP: 35/35 MP: 2/8
  2484 | D:3      | Found a shadowy altar of Dithmenos.
  3225 | D:4      | Noticed Eustachio
  3241 | D:4      | Found a white marble altar of Elyvilon.
  3375 | D:4      | Reached XP level 6. HP: 42/42 MP: 3/9
  3440 | D:4      | Reached skill level 1 in Fighting
  3440 | D:4      | Reached skill level 1 in Armour
  3622 | D:4      | Found an ancient bone altar of Kikubaaqudgha.
  3626 | D:4      | Found a bloodstained altar of Trog.
  3630 | D:4      | Became a worshipper of Kikubaaqudgha
  3850 | D:3      | Killed Natasha
  4049 | D:3      | Noticed Natasha
  4055 | D:3      | Killed Natasha
  4059 | D:3      | Noticed a fire elemental
  4061 | D:3      | Found a stormy altar of Qazlal.
  4063 | D:3      | Noticed an air elemental
  4063 | D:3      | Noticed a water elemental
  4112 | D:3      | Noticed Natasha
  4115 | D:3      | Killed Natasha
  4391 | D:5      | Entered Level 5 of the Dungeon
  4394 | D:5      | Noticed an ogre
  4399 | D:5      | Killed an ogre
  4400 | D:5      | Reached XP level 7. HP: 50/50 MP: 7/13
  4533 | D:5      | Found a glowing drain.
  4559 | Sewer    | Entered a sewer
  4572 | Sewer    | Reached * piety under Kikubaaqudgha
  4572 | Sewer    | Identified Kikubaaqudgha's Catalogue of Unholy Secrets
                  | (Kikubaaqudgha gifted it to you in a sewer)
  4572 | Sewer    | Received a gift from Kikubaaqudgha
  4637 | Sewer    | Reached skill level 5 in Spellcasting
  4899 | Sewer    | Reached XP level 8. HP: 56/56 MP: 7/17
  5019 | D:5      | Found a burning altar of Makhleb.
  5142 | D:5      | Found a staircase to the Ecumenical Temple.
  5168 | Temple   | Entered the Ecumenical Temple
  5222 | D:5      | Reached skill level 1 in Necromancy
  5271 | D:5      | Reached skill level 2 in Necromancy
  5282 | D:5      | Reached skill level 3 in Necromancy
  5635 | D:4      | Killed Eustachio
  5636 | D:4      | Reached skill level 4 in Necromancy
  5804 | D:6      | Reached ** piety under Kikubaaqudgha
  5805 | D:6      | Reached skill level 5 in Necromancy
  5805 | D:6      | Reached XP level 9. HP: 61/61 MP: 11/19
  5870 | D:6      | Learned a level 2 spell: Sublimation of Blood
  5874 | D:6      | Learned a level 3 spell: Vampiric Draining
  5967 | D:6      | Reached skill level 6 in Necromancy
  6259 | D:6      | Reached skill level 7 in Necromancy
  6342 | D:6      | Found a snail-covered altar of Cheibriados.
  6874 | D:7      | Reached skill level 8 in Necromancy
  6972 | D:7      | Noticed Harold
  7376 | D:7      | Found a shimmering blue altar of Sif Muna.
  7433 | D:7      | Reached *** piety under Kikubaaqudgha
  7433 | D:7      | Identified Kikubaaqudgha's Collected Works on Darkness
                  | (Kikubaaqudgha gifted it to you on level 7 of the Dungeon)
  7433 | D:7      | Received a gift from Kikubaaqudgha
  7482 | D:7      | Reached XP level 10. HP: 70/70 MP: 5/20
  7894 | D:7      | Killed Harold
  7895 | D:7      | Reached skill level 5 in Fighting
  7895 | D:7      | Reached skill level 5 in Armour
  7895 | D:7      | Reached skill level 9 in Necromancy
  8074 | D:7      | Identified Sif Muna's Incunabulum of Snow
  8121 | D:8      | Learned a level 4 spell: Dispel Undead
  8265 | D:8      | Found Keurph's Assorted Antiques.
  8271 | D:8      | Bought a scroll labelled KUIDDA LOUNUE for 25 gold pieces
  8271 | D:8      | Bought a scroll labelled TEBAT FAUTYP for 25 gold pieces
  8271 | D:8      | Bought a scroll labelled SYRCHO QIRGHEXU for 25 gold pieces
  8271 | D:8      | Bought a scroll labelled FUORUSKOFU for 25 gold pieces
  8271 | D:8      | Bought a glowing golden potion for 22 gold pieces
  8271 | D:8      | Bought a scroll labelled EVVIXU HARHY for 25 gold pieces
  8703 | D:9      | Got a polished trident
  8704 | D:9      | Identified the +4 trident "Kasariunt" {flame, +Fly rC+
                  | Dex+2 Stlth+} (You found it on level 9 of the Dungeon)
  8773 | D:9      | Noticed a two-headed ogre
  8870 | D:9      | Reached **** piety under Kikubaaqudgha
  8975 | D:9      | Found a shimmering altar of Xom.
  9034 | D:9      | Killed a two-headed ogre
  9035 | D:9      | Reached skill level 1 in Polearms
  9055 | D:9      | You fall into a shaft and drop 3 floors!
  9202 | D:12     | Reached XP level 11. HP: 79/79 MP: 13/23
  9393 | D:12     | Reached skill level 10 in Necromancy
  9544 | D:12     | Reached skill level 1 in Shields
  9649 | D:12     | Found a snail-covered altar of Cheibriados.
  9880 | D:11     | Noticed an unseen horror
  9892 | D:11     | Killed an unseen horror
  9893 | D:11     | Reached skill level 11 in Necromancy
  9930 | D:11     | Noticed a cyclops
  9982 | D:11     | Noticed a cyclops
 10082 | D:11     | Found a frozen archway.
 10087 | D:11     | Noticed an ice dragon
 10310 | D:11     | Found Punioty's Jewellery Shop.
 10345 | D:11     | Killed a cyclops
 10345 | D:11     | Reached ***** piety under Kikubaaqudgha
 10346 | D:11     | Reached skill level 12 in Necromancy
 10467 | IceCv    | Entered an ice cave
 10751 | IceCv    | Reached XP level 12. HP: 33/86 MP: 16/25
 11468 | IceCv    | Reached skill level 5 in Shields
 11977 | IceCv    | Noticed a death yak
 12064 | IceCv    | Reached skill level 5 in Dodging
 12210 | IceCv    | Noticed a death yak
 12230 | IceCv    | Killed a death yak
 12231 | IceCv    | Slain by a death yak

Illustrated notes

Levels and vault maps discovered:
D:1:      kb_arrival_jail, layout_basic, st_stairs_9, hangedman_feature_mirror
D:2:      layout_basic, chequers_jeans
D:3:      layout_basic, nicolae_qazlal_style_of_elements,
          nicolae_dithmenos_shadow_blocks, uniq_natasha
D:4:      layout_cave_pools, grunt_temple_overflow_open, elyvilon_altar_5,
          uniq_eustachio
D:5:      layout_cave_pools, general_overflow_altar, temple_pool_b,
          lightli_sewer_entry_pipes
D:6:      layout_loops_ring, basic_altar, kennysheep_generic_room_12
D:7:      layout_cave_pods, led_sif_book, serial_column_ruins,
          column_ruins_courtyard_long, column_ruins_columns_straight,
          column_ruins_open_tiny, column_ruins_open_medium,
          kennysheep_another_room, uniq_harold
D:8:      layout_rooms, serial_shops, shop, lemuel_another_geyser
D:9:      layout_basic, overflow_temple_1_default, tso_oasis_becter,
          marbit_many_paths, tgw_xom, uniq_psyche
D:11:     layout_basic, grunt_lair_entry_orc_guard_hut, serial_shops, shop,
          portal_ice_cave_entry_animals_and_master
D:12:     layout_basic, orc_0_dummy, basic_altar, patterned_corridor, uniq_kirke
Temple:   cyrus_circular_temple
IceCv:    ice_cave_caverns_01

Skill      XL: |  1  2  3  4  5  6  7  8  9 10 11 12 |
---------------+-------------------------------------+-----
Conjurations   | 4 5 6 |  6.0
Fighting       | 2 3 5 7 |  7.2
Armour         | 2 3 5 7 |  7.1
Spellcasting   | 4 6 7 8 9 |  9.0
Necromancy     | 5 8 9 12 | 12.0
Dodging        | 2 3 5 |  5.2
Polearms       | 2 |  2.0
Shields        | 3 5 |  5.8
Stealth        | |  2.4

Action                   |  1- 3 |  4- 6 |  7- 9 | 10-12 || total
-------------------------+-------+-------+-------+-------++-------
Melee: Dagger            |    18 |       |       |     5 ||    23
       Short sword       |     1 |    28 |       |       ||    29
       Trident           |       |       |       |    65 ||    65
 Fire: Hunting sling     |       |    36 |   134 |    45 ||   215
Throw: Stone             |     2 |       |       |     1 ||     3
       Dart              |       |       |       |     3 ||     3
 Cast: Magic Dart        |    32 |    32 |    12 |    25 ||   101
       Searing Ray       |    10 |    33 |    75 |   106 ||   224
       Vampiric Draining |       |       |    12 |    80 ||    92
       Dispel Undead     |       |       |       |     5 ||     5
       Sublimation of Bl |       |       |       |     3 ||     3
 Abil: Dig               |     5 |    13 |    33 |    35 ||    86
  Use: Scroll            |       |     2 |     4 |     3 ||     9
       Potion            |       |       |     1 |     2 ||     3
 Stab: Sleeping          |       |     1 |       |     1 ||     2
Armor: Robe              |     7 |    11 |       |    44 ||    62
       Leather armour    |       |       |     9 |     2 ||    11
Dodge: Dodged            |    41 |    55 |    45 |   169 ||   310
Block: Buckler           |       |       |       |    57 ||    57
